 Dungeon Crawl Stone Soup version 0.28-a0-653-g7e9dba17c3 (webtiles) character file.

Game seed: 13309261774902068243

246 mordus the Chopper (level 6, 0/51 HPs)
             Began as a Hill Orc Monk on Oct 11, 2021.
             Was a Believer of Beogh.
             Slain by Grinder (4 damage)
             ... on level 4 of the Dungeon.
             The game lasted 00:05:57 (3855 turns).

mordus the Chopper (Hill Orc Monk)                  Turns: 3855, Time: 00:05:59

Health: 0/51       AC:  8    Str: 16    XL:     6   Next: 11%
Magic:  6/6        EV: 10    Int: 10    God:    Beogh [**....]
Gold:   176        SH:  0    Dex: 13    Spells: 5/5 levels left

rFire   . . .      SeeInvis .   a - +0 hand axe
rCold   . . .      Faith    .   (no shield)
rNeg    . . .      Spirit   .   s - +0 scale mail
rPois   .          Reflect  .   m - +2 hat
rElec   .          Harm     .   (no cloak)
rCorr   .          Rampage  .   (no gloves)
Will    .....                   (no boots)
Stlth   ..........              (no amulet)
HPRegen 0.17/turn               (no ring)
MPRegen 0.10/turn               (no ring)

@: silenced
A: no striking features
a: Renounce Religion


You were on level 4 of the Dungeon.
You worshipped Beogh.
Beogh was pleased with you.
You visited 1 branch of the dungeon, and saw 4 of its levels.

You collected 176 gold pieces.

Inventory:

Hand Weapons
 a - a +0 hand axe (weapon)
Armour
 b - a +0 robe
 e - a +0 helmet
 i - a +0 ring mail
 m - a +2 hat (worn)
 s - a +0 scale mail (worn)
Wands
 q - a wand of paralysis (3)
Scrolls
 c - a scroll of vulnerability {unknown}
 d - 2 scrolls of enchant armour {unknown}
 g - 2 scrolls of immolation {unknown}
 h - 3 scrolls of teleportation {unknown}
 j - 7 scrolls of identify {unknown}
 o - a scroll of silence
 p - 3 scrolls of noise
Potions
 f - a potion of lignification


   Skills:
 - Level 3.6 Fighting
 * Level 7.5 Axes
 + Level 3.4 Armour
 - Level 2.4 Dodging
 - Level 1.5 Stealth


You had 5 spell levels left.
You didn't know any spells.
Your spell library contained the following spells:

 Spells                   Type           Power      Damage    Failure   Level
 Freeze                   Ice            0%         1d3       78%         1
 Static Discharge         Conj/Air       0%         N/A       89%         2
 Conjure Flame            Conj/Fire      0%         6-21      98%         3
 Frozen Ramparts          Ice            0%         1d2       98%         3
 Dispel Undead            Necr           0%         3d6       100%        4
 Hailstorm                Conj/Ice       0%         3d3       100%        4
 Sticky Flame             Conj/Fire      0%         2d3       100%        4
 Metabolic Englaciation   Hex/Ice        0%         N/A       100%        5
 Fire Storm               Conj/Fire      0%         5d1       100%        9


Dungeon Overview and Level Annotations

Branches:
Dungeon (4/15)
 Temple: D:4-7

Altars:
Qazlal
Ru

Annotations:
D:3 3 runed translucent doors, AlleluiaPinecone's ghost, weakling VSBr
D:4 Dowan; Duvessa; Grinder


Message History

Duvessa is lightly wounded.
You hit Dowan. Duvessa hits you with a +0 short sword.
Dowan hits you but does no damage.
Grinder blinks!
Duvessa hits you with a +0 short sword!
You feel less invigorated.
You feel less confused.
Grinder blinks!
You hit Duvessa.
Duvessa is moderately wounded.
You closely miss Dowan. Duvessa hits you with a +0 short sword.
Dowan hits you with a +0 dagger. Duvessa hits you but does no damage.
You barely miss Duvessa.
Duvessa is moderately wounded.
You hit Dowan. Dowan hits you but does no damage. Duvessa closely misses you.
You hit Duvessa.
Duvessa is moderately wounded.
You miss Dowan. Duvessa barely misses you. Dowan hits you with a +0 dagger.
You hit Dowan.
Dowan is heavily wounded.
You hit Duvessa but do no damage. Duvessa closely misses you.
Dowan hits you but does no damage. Duvessa misses you.
You hit Grinder.
Grinder is lightly wounded.
You hit Duvessa. You hit Dowan. Grinder hits you but does no damage.
Duvessa hits you with a +0 short sword. Dowan hits you with a +0 dagger.
You miss Dowan.
Dowan is severely wounded.
You hit Duvessa but do no damage. You hit Grinder.
Duvessa hits you with a +0 short sword. Grinder hits you!
* * * LOW HITPOINT WARNING * * *
You writhe in agony.
* * * LOW HITPOINT WARNING * * *
Dowan hits you but does no damage.
You hit Dowan.
Dowan is severely wounded.
You barely miss Duvessa. You completely miss Grinder.
Duvessa hits you with a +0 short sword!
* * * LOW HITPOINT WARNING * * *
Grinder hits you.
You die...

........##
.........###
.........#
###.......###
.........#
###.......#
..........
#..#####...
.......... #..#
## .###......
####.## ##
#.......###....##
#.. .......5#..##
....##@e#..## #..
##e.#..# # .
##....## #.
##....## . #..
##....###.#
#..#####......#
#...........###
#..........##
#......5....#


You could see Grinder (strong), Duvessa (fast) and Dowan.

Vanquished Creatures
  An ogre (D:4)
  A bullfrog zombie (D:4)
  An orc wizard (D:4)
  4 adders
  2 dart slugs
  A worm (D:2)
  3 orcs (D:3)
  9 ball pythons
  6 endoplasms
  3 giant cockroaches (D:3)
  4 goblins
  5 hobgoblins
  3 jackals (D:1)
  3 quokkas
  7 bats
  4 frilled lizards
  4 kobolds
  8 rats
69 creatures vanquished.

Vanquished Creatures (others)
  2 hobgoblins (D:3)
2 creatures vanquished.

Grand Total: 71 creatures vanquished

Notes
Turn   | Place    | Note
-------+----------+-------------------------------------------
     0 | D:1      | mordus the Hill Orc Monk began the quest for the Orb.
     0 | D:1      | Reached XP level 1. HP: 19/19 MP: 1/1
   326 | D:1      | Reached XP level 2. HP: 20/26 MP: 2/2
   333 | D:1      | Reached skill level 1 in Armour
   674 | D:1      | Reached skill level 5 in Axes
   867 | D:1      | Reached XP level 3. HP: 31/31 MP: 3/3
  1341 | D:2      | Reached XP level 4. HP: 21/39 MP: 4/4
  1343 | D:2      | Got the Collected Works on Glacial Combat Magic
  1780 | D:2      | Found a faded altar of an unknown god.
  2034 | D:3      | Became a worshipper of Beogh the Brigand
  2034 | D:3      | Reached * piety under Beogh
  2034 | D:3      | Reached ** piety under Beogh
  2126 | D:3      | Reached skill level 6 in Axes
  2473 | D:3      | Found a sacrificial altar of Ru.
  2547 | D:3      | Found a runed translucent gate.
  2547 | D:3      | Found a runed translucent gate.
  2547 | D:3      | Found a runed translucent gate.
  2548 | D:3      | Noticed AlleluiaPinecone's ghost (weakling VSBr)
  3217 | D:4      | Reached XP level 5. HP: 36/45 MP: 5/5
  3296 | D:4      | Found a stormy altar of Qazlal.
  3301 | D:4      | Noticed an ogre
  3311 | D:4      | Killed an ogre
  3312 | D:4      | Reached skill level 7 in Axes
  3612 | D:4      | Reached XP level 6. HP: 45/51 MP: 6/6
  3817 | D:4      | Noticed Dowan
  3818 | D:4      | Noticed Duvessa
  3821 | D:4      | Noticed Grinder
  3855 | D:4      | Slain by Grinder

Illustrated notes

Levels and vault maps discovered:
D:1:      dpeg_arrival_arbitrary_b, layout_basic
D:2:      layout_rooms, shapermc_ecumenical_altar_hornbeckon,
          minmay_tetromino_l4
D:3:      layout_rooms, hangedman_ru_absence, ebering_ghost_rock_garden,
          grunt_ministairs_2, dk_noncrumbling_2
D:4:      layout_layer_cave, mainiacjoe_overflow_surrounded_room,
          nrook_campfire, kennysheep_generic_room_9, uniq_duvessa, uniq_grinder

Skill      XL: |  1  2  3  4  5 |
---------------+----------------+-----
Armour         | 1 2 3 |  3.4
Axes           | 5 6 7 |  7.5
Fighting       | |  3.6
Dodging        | |  2.4
Stealth        | |  1.5

Action                   |  1- 3 |  4- 6 || total
-------------------------+-------+-------++-------
Melee: Hand axe          |   110 |   162 ||   272
Invok: Convert to Beogh  |       |     1 ||     1
  Use: Potion            |       |     5 ||     5
       Scroll            |       |     2 ||     2
 Stab: Sleeping          |     1 |       ||     1
       Invisible         |       |     2 ||     2
Armor: Robe              |    13 |       ||    13
       Ring mail         |    21 |    42 ||    63
       Scale mail        |       |    46 ||    46
       Skin              |       |     8 ||     8
Dodge: Dodged            |    68 |   129 ||   197

Table legend: (Time is in decaauts)
 A = Elapsed time spent in this place.
 B = Non-inter-level travel time spent in this place.
 C = Inter-level travel time spent in this place.
 D = Time resting spent in this place.
 E = Time spent auto-exploring this place.
 F = Levels seen in this place.
 G = Mean time per level.
                   A        B        C        D        E       F      G
               +--------+--------+--------+--------+--------+-----+--------+
         Total |   3870 |   3807 |     63 |   1156 |   1930 |   4 |  967.5 |
       Dungeon |   3870 |   3807 |     63 |   1156 |   1930 |   4 |  967.5 |
               +--------+--------+--------+--------+--------+-----+--------+

Top non-repeatable levels by time:
     D:3: 1350 daAuts
     D:1: 1029 daAuts
     D:2: 833 daAuts
     D:4: 657 daAuts
